 Dungeon Crawl Stone Soup version 0.30.0-21-gd299b56b3f (webtiles) character file.

Game seed: 16871607734549670925

7637 qw the Cleaver (level 11, 0/68 HPs)
             Began as a Gargoyle Fighter on June 2, 2023.
             Was a Follower of Okawaru.
             Slain by a manticore (2 damage)
             ... summoned by a worldbinder
             ... on level 1 of the Abyss.
             The game lasted 00:04:36 (9134 turns).

qw the Cleaver (Gargoyle Fighter)                   Turns: 9134, Time: 00:04:37

Health: 0/68       AC: 35    Str: 31    XL:     11   Next: 18%
Magic:  13/13      EV:  9    Int:  8    God:    Okawaru [*.....]
Gold:   885        SH: 12    Dex:  9    Spells: 10/10 levels left

rFire   . . .        Y - +4 war axe (drain)
rCold   . . .        u - +0 kite shield
rNeg    + . .        i - +0 plate armour
rPois   inf          g - +0 helmet
rElec   +            k - +0 cloak
rCorr   .            e - +1 pair of gloves
SInv    .            o - +0 pair of boots
Will    +....        p - amulet of Cewkiru {Faith rElec Str+6}
Stlth   x              - +4 ring of protection
HPRegen 0.31/turn    r - ring of willpower
MPRegen 0.13/turn

%: faith
@: about to teleport, heroic
A: sickness immunity, AC +8, negative energy resistance 1, electricity
resistance, torment resistance 1, petrification resistance, [subdued magic 2]
a: Renounce Religion, Heroism


You were on level 1 of the Abyss.
You worshipped Okawaru.
Okawaru was aware of your devotion.
You visited 2 branches of the dungeon, and saw 11 of its levels.
You visited the Abyss 1 time.
You also visited: Sewer.

You collected 1065 gold pieces.
You spent 180 gold pieces at shops.


Innate Abilities, Weirdness & Mutations

You are immune to sickness and miasma.
Your stone body is resilient. (AC +8)
You are immune to poison.
You resist negative energy. (rN+)
You are resistant to electric shocks. (rElec)
You are resistant to unholy torment.
You are immune to petrification.
[Your spells are easier to cast, but less powerful.]


   Skills:
 - Level 8.0(13.0) Fighting
 + Level 10.1(15.1) Axes
 - Level 1.1(6.1) Throwing
 - Level 8.1(13.1) Armour
 - Level 1.3(6.3) Dodging
 - Level 9.5(14.5) Shields
 + Level 3.4 Invocations


You had 10 spell levels left.
You didn't know any spells.
Your spell library was empty.

Inventory:

Hand Weapons
 s - a +0 flail
 Y - a +4 war axe of draining (weapon)
Missiles
 a - 5 boomerangs (quivered)
Armour
 e - a +1 pair of gloves (worn)
 g - a +0 helmet (worn)
 i - a +0 plate armour (worn)
 k - a +0 cloak (worn)
 o - a +0 pair of boots (worn)
 u - a +0 kite shield (worn)
Jewellery
 b - a ring of ice
 c - a ring of positive energy
 p - the amulet of Cewkiru (around neck) {Faith rElec Str+6}
   (You found it on level 6 of the Dungeon)

   [amulet of faith]

   It allows you to gain divine favour quickly.
   Str:       It affects your strength (+6).
   rElec:     It insulates you from electricity.
 r - a ring of willpower (right hand)
 v - the amulet of the Four Winds {rN+ Will+++ Clar}
   (You found it on level 7 of the Dungeon)

   [amulet of nothing]

   rN:        It protects you from negative energy.
   Clar:      It protects you from confusion, rage, mesmerisation and fear.
   Will:      It greatly increases your willpower.
 x - a +4 ring of protection (left hand)
Wands
 t - a wand of digging (5)
Scrolls
 h - 2 scrolls of teleportation
 l - 5 scrolls of identify
Potions
 d - 4 potions of might
 f - 5 potions of curing
 m - 2 potions of mutation
 n - 5 potions of heal wounds
 q - a potion of attraction
 z - a potion of cancellation

Dungeon Overview and Level Annotations

Branches:
Dungeon (10/15)            Temple (1/1) D:5           Sewer (visited)
   Lair: D:8-11         Orc: D:9-12

Altars:
Ashenzari
Cheibriados
Dithmenos
Elyvilon
Fedhas
Gozag
Hepliaklqana
Kikubaaqudgha
Makhleb
Nemelex Xobeh
Okawaru
Qazlal
Ru
Trog
Uskayaw
Vehumet
Wu Jian
Xom
Yredelemnul
Zin
The Shining One
Lugonu

Shops:
D:5 (   D:7 *   D:9 *

Annotations:
D:8 1 runed translucent door
D:9 3 runed translucent doors, qw's ghost, journeyman GrFi
D:10 Sonja


Message History

Your connection to magic feels more subdued.
You block the large abomination's attack.
You block the manticore's attack.
The manticore claws you but does no damage.
The manticore claws you.
The manticore bites you but does no damage.
The manticore claws you but does no damage. x2
You slash the large abomination!
The large abomination is severely damaged.
You hit the manticore. You slash the manticore!
You hit the worldbinder but do no damage.
You hit the manticore but do no damage.
The worldbinder hits you but does no damage. x2
A demonic crawler comes into view.
The demonic crawler gives a hideous shriek!
You hit the large abomination but do no damage.
The large abomination is severely damaged.
You hit the manticore. You drain the manticore. You slash the manticore!
You drain the manticore. You hit the worldbinder.
You hit the manticore but do no damage. You drain the manticore.
The worldbinder hits you but does no damage. x2
You block the large abomination's attack.
The manticore bites you! You block the manticore's attack.
The manticore claws you but does no damage.
The manticore closely misses you. x2; You block the manticore's attack.
The manticore bites you.
The manticore claws you but does no damage. x2
9134 ||| READING 3 scrolls of teleportation.
As you read the scroll of teleportation, it crumbles to dust.
You feel strangely unstable.
You feel the power of the Abyss delaying your translocation!
The worldbinder hits you but does no damage.
The worldbinder barely misses you.
You block the large abomination's attack.
The manticore bites you but does no damage.
The manticore claws you but does no damage.
The manticore barely misses you. The manticore bites you!
The manticore claws you but does no damage.
You block the manticore's attack. The manticore bites you.
You die...

...# . # ## .###.
. #..##.#.### ...
#.#.....#.### #
###..........###.
#....##..........#
#
#..#.#...........
......HxH..# . .
...5..H@####.%# #
......*#X3.# ## .
....... #......
..s.... ..#..##
.......W#.##..#
.......# # .
........ .......


You could see a wretched star, a demonic crawler, 3 manticores, a large
abomination, a worldbinder, a sixfirhy and a white imp.

Vanquished Creatures
  Erica (D:9)
  A two-headed ogre (D:9)
  A thrashing horror (Abyss:1)
  A worldbinder (Abyss:1)
  Maggie (D:7)
  An ancient zyme (Abyss:1)
  3 raiju (Abyss:1)
  3 yaks (D:9)
  A shadow (Abyss:1)
  2 wyverns
  A steam dragon (D:7)
  2 water moccasins
  2 sky beasts
  2 ogres
  A black bear (D:7)
  3 ice beasts
  2 centaurs
  A phantom (D:5)
  3 bullfrogs
  A gnoll sergeant (D:8)
  A necrophage (D:8)
  3 scorpions
  A small abomination (Abyss:1)
  7 wights
  7 killer bees (D:8)
  6 howler monkeys
  A hound (D:5)
  A gnoll bouda (D:9)
  3 jellies
  5 orc priests
  An iguana (D:5)
  4 orc wizards
  A hound skeleton (D:8)
  14 gnolls
  11 adders
  3 river rats
  A white imp (D:8)
  4 ufetubi (D:5)
  4 worms
  2 dart slugs (D:3)
  18 orcs
  11 bats
  9 endoplasms
  10 giant cockroaches
  6 hobgoblins
  5 jackals
  2 quokkas
  12 ball pythons
  4 frilled lizards
  9 goblins
  8 kobolds
  9 rats
  2 lurking horrors (D:10)
218 creatures vanquished.

Notes
Turn   | Place    | Note
-------+----------+-------------------------------------------
     0 | D:1      | qw the Gargoyle Fighter began the quest for the Orb.
     0 | D:1      | Reached XP level 1. HP: 14/14 MP: 1/1
     0 | D:1      | 0 ||| qw: Version: 0.2-a-102-gdf20003
     0 | D:1      | 0 ||| qw: Game counter: 795
     0 | D:1      | 0 ||| qw: Always use a shield: true
     0 | D:1      | 0 ||| qw: God list: Okawaru
     0 | D:1      | 0 ||| qw: Allow faded altars: false
     0 | D:1      | 0 ||| qw: Do Orc after D:15 true
     0 | D:1      | 0 ||| qw: Do second Lair branch before Depths: true
     0 | D:1      | 0 ||| qw: Lair rune preference: random
     0 | D:1      | 0 ||| qw: Plans: Normal, Zot:1-4, Slime:5, God:TSO, Crypt,
                  | Tomb, Pan, Hells, Abyss, Win
     0 | D:1      | 0 ||| PLANNING D:1-11
    29 | D:1      | Reached skill level 2 in Axes
    72 | D:1      | Reached XP level 2. HP: 19/19 MP: 2/2
   351 | D:1      | 351 ||| Stepping ~*~*~tactically~*~*~ (hiding).
   352 | D:1      | 352 ||| Stepping ~*~*~tactically~*~*~ (hiding).
   353 | D:1      | 353 ||| Stepping ~*~*~tactically~*~*~ (hiding).
   505 | D:1      | Reached skill level 3 in Axes
   801 | D:1      | 801 ||| UPGRADING to +0 helmet.
   806 | D:1      | 806 ||| UPGRADING to +0 plate armour.
   816 | D:1      | 816 ||| DROPPING +0 scale mail.
   817 | D:1      | 817 ||| UPGRADING to +0 cloak.
   822 | D:1      | 822 ||| READING scroll labelled DOENUM DO KIU.
   823 | D:1      | 823 ||| READING scroll labelled ZAOQ IREFEMENU.
   899 | D:2      | Reached XP level 3. HP: 21/23 MP: 3/3
  1093 | D:2      | 1093 ||| Stepping ~*~*~tactically~*~*~ (hiding).
  1167 | D:2      | 1167 ||| Stepping ~*~*~tactically~*~*~ (stealth).
  1448 | D:2      | 1448 ||| UPGRADING to +0 pair of boots.
  1453 | D:2      | 1453 ||| DROPPING amulet of magic regeneration.
  1454 | D:2      | 1454 ||| READING scroll labelled COTWUO LODUPS.
  1459 | D:2      | 1459 ||| READING scroll labelled QIXKON BITUTS.
  1460 | D:2      | 1460 ||| READING scroll labelled HOFUOT KEPTOAL.
  1461 | D:2      | 1461 ||| READING scroll labelled QOHOOFRUBIU.
  1462 | D:2      | 1462 ||| READING scroll labelled XIMOCVUGH.
  1463 | D:2      | 1463 ||| READING 3 scrolls of identify.
  1463 | D:2      | 1463 ||| IDENTIFYING grey potion
  1507 | D:3      | 1507 ||| PLANNING SEWER
  1517 | D:3      | Reached XP level 4. HP: 16/28 MP: 4/4
  1520 | D:3      | HP: 5/28 [gnoll/+0 spear (3)]
  1525 | D:3      | Reached skill level 4 in Axes
  1618 | D:3      | 1618 ||| DROPPING +0 whip.
  1695 | D:3      | 1695 ||| Stepping ~*~*~tactically~*~*~ (hiding).
  1698 | D:3      | 1698 ||| Stepping ~*~*~tactically~*~*~ (hiding).
  1819 | D:3      | 1819 ||| Stepping ~*~*~tactically~*~*~ (hiding).
  1899 | D:3      | Found a glowing drain.
  1931 | Sewer    | Entered a sewer
  1950 | Sewer    | Reached XP level 5. HP: 32/32 MP: 5/5
  2198 | Sewer    | Reached skill level 5 in Axes
  2581 | Sewer    | 2581 ||| READING scroll labelled IPOETYCUDO.
  2582 | Sewer    | 2582 ||| READING scroll labelled MAITIE ISHRO.
  2583 | Sewer    | 2583 ||| READING 3 scrolls of identify.
  2583 | Sewer    | 2583 ||| IDENTIFYING fuming inky potion
  2584 | Sewer    | 2584 ||| READING 2 scrolls of identify.
  2584 | Sewer    | 2584 ||| IDENTIFYING fuming pink potion
  2607 | D:3      | 2607 ||| PLANNING D:1-11
  2669 | D:3      | Found a faded altar of an unknown god.
  2713 | D:3      | Reached XP level 6. HP: 35/38 MP: 6/6
  2768 | D:3      | 2768 ||| Stepping ~*~*~tactically~*~*~ (hiding).
  2778 | D:3      | 2778 ||| Stepping ~*~*~tactically~*~*~ (hiding).
  2911 | D:3      | 2911 ||| Stepping ~*~*~tactically~*~*~ (hiding).
  2913 | D:3      | 2913 ||| Stepping ~*~*~tactically~*~*~ (hiding).
  3208 | D:3      | 3208 ||| UPGRADING to +0 pair of gloves.
  3213 | D:3      | 3213 ||| READING scroll labelled COUTOM DINYASO.
  3214 | D:3      | 3214 ||| READING scroll labelled POUJYN JYPSOKU.
  3346 | D:4      | 3346 ||| Stepping ~*~*~tactically~*~*~ (stealth).
  3359 | D:4      | 3359 ||| Stepping ~*~*~tactically~*~*~ (stealth).
  3360 | D:4      | 3360 ||| Stepping ~*~*~tactically~*~*~ (stealth).
  3705 | D:4      | Found a hide-covered altar of Uskayaw.
  3736 | D:4      | 3736 ||| DRINKING 2 inky potions.
  3840 | D:4      | 3840 ||| DROPPING potion of berserk rage.
  3866 | D:5      | Entered Level 5 of the Dungeon
  3900 | D:5      | Reached skill level 6 in Axes
  3901 | D:5      | 3901 ||| DRINKING potion of curing.
  3901 | D:5      | 3901 ||| (to cure confusion)
  3911 | D:5      | Reached XP level 7. HP: 29/43 MP: 7/7
  4011 | D:5      | Found a staircase to the Ecumenical Temple.
  4012 | D:5      | 4012 ||| PLANNING TEMPLE
  4012 | D:5      | 4012 ||| READING scroll labelled ULEPSOXEOR.
  4021 | Temple   | Entered the Ecumenical Temple
  4172 | Temple   | 4172 ||| PLANNING D:1-11
  4202 | D:5      | Found a bloodstained altar of Trog.
  4542 | D:5      | Reached skill level 7 in Axes
  4577 | D:5      | Found Vioqizxy's Weapon Boutique.
  4945 | D:5      | 4945 ||| READING scroll labelled SAULUALOQU.
  5007 | D:6      | Found a stormy altar of Qazlal.
  5035 | D:6      | Identified the staff of cold "Fyler" {Fragile rC+ Int+4}
  5048 | D:6      | 5048 ||| READING scroll of enchant weapon.
  5048 | D:6      | 5048 ||| ENCHANTING +1 war axe.
  5072 | D:6      | Identified the amulet of Cewkiru {Faith rElec Str+6}
  5093 | D:6      | 5093 ||| Stepping ~*~*~tactically~*~*~ (hiding).
  5211 | D:6      | Reached XP level 8. HP: 48/48 MP: 8/8
  5303 | D:6      | 5303 ||| Stepping ~*~*~tactically~*~*~ (stealth).
  5373 | D:6      | 5373 ||| Stepping ~*~*~tactically~*~*~ (hiding).
  5599 | D:6      | Reached skill level 1 in Dodging
  5623 | D:6      | Reached skill level 1 in Throwing
  5698 | D:6      | 5698 ||| READING scroll of enchant armour.
  5698 | D:6      | 5698 ||| ENCHANTING +0 pair of gloves.
  6025 | D:6      | 6025 ||| UPGRADING to amulet of Cewkiru {Faith rElec
                  | Str+6}.
  6030 | D:6      | 6030 ||| UPGRADING to ring of positive energy.
  6031 | D:6      | 6031 ||| UPGRADING to ring of willpower.
  6032 | D:6      | 6032 ||| READING scroll labelled DUQIRAUBBY.
  6062 | D:6      | 6062 ||| READING 4 scrolls of identify.
  6062 | D:6      | 6062 ||| IDENTIFYING sapphire potion
  6068 | D:7      | Noticed a wyvern
  6076 | D:7      | Killed a wyvern
  6077 | D:7      | Reached skill level 8 in Axes
  6151 | D:7      | Found Ryeluxir's Neck Hole.
  6164 | D:7      | Reached skill level 6 in Fighting
  6164 | D:7      | Reached XP level 9. HP: 53/56 MP: 9/9
  6164 | D:7      | 6164 ||| Stepping ~*~*~tactically~*~*~ (cloud).
  6240 | D:7      | Reached skill level 6 in Armour
  6293 | D:7      | 6293 ||| Stepping ~*~*~tactically~*~*~ (hiding).
  6305 | D:7      | 6305 ||| Stepping ~*~*~tactically~*~*~ (hiding).
  6333 | D:7      | 6333 ||| SWAPPING to +0 war axe of freezing.
  6334 | D:7      | 6334 ||| DROPPING +2 war axe.
  6350 | D:7      | Noticed Maggie
  6351 | D:7      | 6351 ||| Stepping ~*~*~tactically~*~*~ (hiding).
  6353 | D:7      | 6353 ||| Stepping ~*~*~tactically~*~*~ (hiding).
  6368 | D:7      | Killed Maggie
  6369 | D:7      | Reached skill level 9 in Axes
  6419 | D:7      | 6419 ||| SWAPPING to +1 war axe of flaming.
  6420 | D:7      | 6420 ||| DROPPING +0 flail.
  6421 | D:7      | 6421 ||| DROPPING +0 war axe of freezing.
  6723 | D:7      | Found a glowing golden altar of the Shining One.
  6905 | D:7      | Found the amulet of the Four Winds {rN+ Will+++ Clar}
  6983 | D:7      | 6983 ||| UPGRADING to +0 kite shield.
  6993 | D:7      | 6993 ||| DROPPING +0 buckler.
  7152 | D:8      | 7152 ||| READING scroll of enchant weapon.
  7152 | D:8      | 7152 ||| ENCHANTING +1 war axe of flaming.
  7195 | D:8      | Found a burning altar of Makhleb.
  7265 | D:8      | 7265 ||| Stepping ~*~*~tactically~*~*~ (hiding).
  7266 | D:8      | 7266 ||| Stepping ~*~*~tactically~*~*~ (hiding).
  7267 | D:8      | 7267 ||| Stepping ~*~*~tactically~*~*~ (hiding).
  7268 | D:8      | 7268 ||| Stepping ~*~*~tactically~*~*~ (hiding).
  7320 | D:8      | 7320 ||| READING scroll of enchant weapon.
  7320 | D:8      | 7320 ||| ENCHANTING +2 war axe of flaming.
  7343 | D:8      | 7343 ||| Stepping ~*~*~tactically~*~*~ (stealth).
  7350 | D:8      | Reached skill level 6 in Shields
  7392 | D:8      | Reached XP level 10. HP: 58/61 MP: 10/10
  7458 | D:8      | Found a shadowy altar of Dithmenos.
  7768 | D:8      | Found a runed translucent door.
  7777 | D:8      | 7777 ||| UPGRADING to +4 ring of protection.
  7779 | D:8      | 7779 ||| READING scroll labelled YMURPH MINEIJI.
  7780 | D:8      | 7780 ||| READING scroll labelled OLONOYMIHI.
  7780 | D:8      | Identified a scroll of acquirement
  7780 | D:8      | 7780 ||| ACQUIRING 387 gold pieces
  7780 | D:8      | Acquired 387 gold pieces
  7878 | D:9      | 7878 ||| Stepping ~*~*~tactically~*~*~ (hiding).
  7879 | D:9      | 7879 ||| Stepping ~*~*~tactically~*~*~ (hiding).
  7880 | D:9      | 7880 ||| Stepping ~*~*~tactically~*~*~ (hiding).
  7881 | D:9      | 7881 ||| Stepping ~*~*~tactically~*~*~ (hiding).
  7882 | D:9      | 7882 ||| Stepping ~*~*~tactically~*~*~ (hiding).
  7887 | D:9      | 7887 ||| Stepping ~*~*~tactically~*~*~ (hiding).
  7888 | D:9      | 7888 ||| Stepping ~*~*~tactically~*~*~ (hiding).
  7889 | D:9      | 7889 ||| Stepping ~*~*~tactically~*~*~ (hiding).
  8098 | D:9      | Noticed a two-headed ogre
  8106 | D:9      | Killed a two-headed ogre
  8107 | D:9      | Reached skill level 9 in Shields
  8179 | D:9      | 8179 ||| READING scroll of enchant weapon.
  8179 | D:9      | 8179 ||| ENCHANTING +3 war axe of flaming.
  8233 | D:9      | Found Weokobe's General Store.
  8241 | D:9      | 8241 ||| BUYING 2 potions of curing (90 gold).
  8241 | D:9      | Bought 2 potions of curing for 90 gold pieces
  8241 | D:9      | 8241 ||| BUYING potion of curing (45 gold).
  8241 | D:9      | Bought a potion of curing for 45 gold pieces
  8241 | D:9      | 8241 ||| BUYING scroll of teleportation (45 gold).
  8241 | D:9      | Bought a scroll of teleportation for 45 gold pieces
  8318 | D:9      | 8318 ||| Stepping ~*~*~tactically~*~*~ (hiding).
  8360 | D:9      | Noticed Erica
  8361 | D:9      | 8361 ||| Stepping ~*~*~tactically~*~*~ (stealth).
  8373 | D:9      | Killed Erica
  8450 | D:9      | Found an iron altar of Okawaru.
  8451 | D:9      | 8451 ||| PLANNING OKAWARU WORSHIP
  8451 | D:9      | 8451 ||| DROPPING amulet of faith.
  8452 | D:9      | 8452 ||| READING scroll labelled XUARHEYPLI.
  8453 | D:9      | 8453 ||| DRINKING 2 fizzy brown potions.
  8454 | D:9      | 8454 ||| READING 6 scrolls of identify.
  8454 | D:9      | 8454 ||| IDENTIFYING yellow potion
  8455 | D:9      | 8455 ||| DROPPING potion of ambrosia.
  8456 | D:9      | 8456 ||| DROPPING scroll of silence.
  8470 | D:9      | Became a worshipper of Warmaster Okawaru
  8470 | D:9      | 8470 ||| PLANNING D:1-11
  8504 | D:9      | 8504 ||| DROPPING +0 whip.
  8668 | D:9      | Found a runed translucent gate.
  8668 | D:9      | Found a runed translucent gate.
  8668 | D:9      | Found a runed translucent gate.
  8669 | D:9      | Noticed a kobold demonologist
  8669 | D:9      | Noticed a kobold demonologist
  8669 | D:9      | Noticed qw's ghost (journeyman GrFi)
  8715 | D:10     | Entered Level 10 of the Dungeon
  8719 | D:10     | Found a shimmering altar of Xom.
  8719 | D:10     | Found a shimmering altar of Xom.
  8719 | D:10     | Found a shimmering altar of Xom.
  8720 | D:10     | Found a shimmering altar of Xom.
  8720 | D:10     | Found a shimmering altar of Xom.
  8720 | D:10     | Found a shimmering altar of Xom.
  8720 | D:10     | Found a shimmering altar of Xom.
  8721 | D:10     | Found a shimmering altar of Xom.
  8870 | D:10     | Found a corrupted altar of Lugonu.
  8870 | D:10     | Noticed Sonja
  8877 | Abyss:1  | Cast into level 1 of the Abyss (Sonja)
  8899 | Abyss:1  | 8899 ||| Stepping ~*~*~tactically~*~*~ (stealth).
  8903 | Abyss:1  | 8903 ||| Stepping ~*~*~tactically~*~*~ (stealth).
  8945 | Abyss:1  | 8945 ||| Stepping ~*~*~tactically~*~*~ (stealth).
  8946 | Abyss:1  | 8946 ||| Stepping ~*~*~tactically~*~*~ (stealth).
  9031 | Abyss:1  | Reached skill level 10 in Axes
  9035 | Abyss:1  | Reached * piety under Okawaru
  9036 | Abyss:1  | 9036 ||| INVOKING Heroism.
  9047 | Abyss:1  | Reached skill level 1 in Invocations
  9047 | Abyss:1  | Reached XP level 11. HP: 45/67 MP: 9/11
  9053 | Abyss:1  | 9053 ||| Stepping ~*~*~tactically~*~*~ (stealth).
  9054 | Abyss:1  | 9054 ||| Stepping ~*~*~tactically~*~*~ (stealth).
  9063 | Abyss:1  | Noticed a worldbinder
  9065 | Abyss:1  | Noticed an ironbound thunderhulk
  9066 | Abyss:1  | Noticed a green very ugly thing
  9066 | Abyss:1  | Noticed a white very ugly thing
  9066 | Abyss:1  | 9066 ||| INVOKING Heroism.
  9071 | Abyss:1  | Killed a worldbinder
  9113 | Abyss:1  | Noticed a thrashing horror
  9114 | Abyss:1  | 9114 ||| INVOKING Heroism.
  9124 | Abyss:1  | Noticed a worldbinder
  9125 | Abyss:1  | Killed a thrashing horror
  9126 | Abyss:1  | Reached skill level 3 in Invocations
  9126 | Abyss:1  | Noticed a wretched star
  9128 | Abyss:1  | Noticed a manticore
  9128 | Abyss:1  | Noticed a manticore
  9128 | Abyss:1  | Noticed a manticore
  9129 | Abyss:1  | Noticed a sixfirhy
  9133 | Abyss:1  | HP: 12/68 [manticore[a worldbinder] (6)]
  9134 | Abyss:1  | 9134 ||| READING 3 scrolls of teleportation.
  9134 | Abyss:1  | HP: 2/68 [manticore[a worldbinder] (10)]
  9134 | Abyss:1  | Slain by a manticore

Levels and vault maps discovered:
D:1:      amcnicky_arrival_underground_garden, layout_basic
D:2:      layout_basic
D:3:      layout_rooms, shapermc_ecumenical_altar_hornbeckon,
          portal_sewer_entry_c, serial_forest, infiniplex_forest_end_1,
          infiniplex_forest_straight_4, infiniplex_forest_end_1,
          infiniplex_forest_clump_curved, infiniplex_forest_end_2,
          infiniplex_forest_lined_corner, infiniplex_forest_clump_double,
          infiniplex_forest_clump_long
D:4:      layout_basic, lemuel_tele_altar
D:5:      layout_layer_cave, mainiacjoe_overflow_catwalk,
          minmay_temple_entry_water_ring, serial_shops,
          nicolae_shop_bloodbath_and_beyond, kennysheep_small_circle
D:6:      layout_basic, nicolae_qazlal_beasts_of_the_sky,
          dreamdust_princess_bridge
D:7:      layout_basic, mainiacjoe_overflow_brackets, minivault_5,
          nicolae_shop_sticking_my_neck_out, uniq_maggie
D:8:      layout_rooms, grunt_dithmenos_smoke_and_mirrors,
          makhleb_blood_cavern_becter, lightli_church_of_beogh
D:9:      layout_long_grid, mainiacjoe_overflow_small_starburst,
          gammafunk_ghost_nasty_kobolds, serial_shops, shop, uniq_erica
D:10:     layout_loops_ring, led_sif_pool, xom_shifter_show, david_lair_generic,
          amcnicky_altar_lugonu_corruption, uniq_gastronok, uniq_josephine,
          uniq_sonja
Temple:   nicolae_temple_bog_church
Abyss:1:  base: D:3, base:
D:5

Skill      XL: |  1  2  3  4  5  6  7  8  9 10 11 |
---------------+----------------------------------+-----
Axes           | 2 3 4 5 6 7 8 9 10 | 10.1
Fighting       | 4 6 7 8 |  8.0
Armour         | 4 5 6 7 8 |  8.1
Dodging        | 1 |  1.3
Throwing       | 1 |  1.1
Shields        | 6 9 |  9.5
Invocations    | 1 3 |  3.4

Action                     |  1- 3 |  4- 6 |  7- 9 | 10-12 || total
---------------------------+-------+-------+-------+-------++-------
  Melee: War axe           |   134 |   233 |   237 |   142 ||   746
  Throw: Boomerang         |     8 |    83 |    54 |    28 ||   173
 Invoke: Heroism           |       |       |       |     3 ||     3
    Use: Scroll            |     8 |     6 |     8 |     6 ||    28
         Potion            |       |     2 |       |     1 ||     3
 Armour: Scale mail        |    23 |       |       |       ||    23
         Plate armour      |    59 |   219 |   191 |   107 ||   576
  Dodge: Dodged            |    46 |    78 |    83 |    38 ||   245
  Block: Buckler           |    26 |    52 |    27 |       ||   105
         Kite shield       |       |       |    32 |    79 ||   111

Table legend:
 A = Non-vault XP
 B = Vault XP
 C = Vault XP percentage of total XP
 D = Non-vault monster count
 E = Vault monster count
 F = Vault count percentage of total count
                 A         B        C        D         E       F
            +---------+---------+-------+---------+---------+-------
      Total |    9222 |    1688 |  15.5 |     173 |      43 |  19.9
            +---------+---------+-------+---------+---------+-------
        D:1 |      31 |       0 |   0.0 |      20 |       0 |   0.0
        D:2 |      46 |       0 |   0.0 |      19 |       0 |   0.0
        D:3 |      84 |      22 |  20.8 |      22 |       7 |  24.1
        D:4 |     243 |       0 |   0.0 |      16 |       0 |   0.0
        D:5 |     440 |      17 |   3.7 |      15 |       2 |  11.8
        D:6 |     734 |     132 |  15.2 |      12 |       1 |   7.7
        D:7 |    1545 |     404 |  20.7 |      22 |       1 |   4.3
        D:8 |    1061 |     107 |   9.2 |      19 |       2 |   9.5
        D:9 |    2320 |     844 |  26.7 |      20 |       1 |   4.8
    Abyss:1 |    2718 |       0 |   0.0 |       8 |       0 |   0.0
      Sewer |       0 |     162 | 100.0 |       0 |      29 | 100.0
            +---------+---------+-------+---------+---------+-------
